AoeStats
← ajanderson120

Black Forest

509989658Analyzed
4v4 RM · 5d ago on Sep 28, 2026· 35m 46s· 8 players
Game mode
Random Map
Map size
Large (8 player)
Population
200
Speed
Normal
Resources
Standard
Victory
Conquest
Starting age
Dark Age
Ending age
Imperial Age
RankedLock teamsTeams togetherTeam positionsShared explorationLock speedFull tech treeHidden civsTurbo modeCheats
Victory
Defeat
🇺🇸 Khmer · United States
1226
+13
🇺🇸 Koreans · United States
1196
+14
🇧🇪 Portuguese · Belgium
1176
+15
🇨🇴 Turks · Colombia
1163
+15
🇨🇱 Franks · Chile
1253
-18
🇺🇸 Hindustanis · United States
1175
-15
🇧🇷 Persians · Brazil
1138
-14
🇺🇸 Saxons · United States
1042
-10
247272704
11:26 Feudal Age
14:31 Castle Age
12:37 Double-Bit Axe
12:38 Horse Collar
16:21 Bow Saw
21:41 Wheelbarrow
22:18 Town Watch
22:23 Loom
22:46 Heavy Plow
22:52 Gold Mining
24:03 Stone Mining
25:04 Hand Cart
27:42 Imperial Age
26:34 Gold Shaft Mining
27:29 Scale Barding Armor
27:34 Forging
28:02 Bloodlines
27:53 Husbandry
28:25 Chain Barding Armor
29:57 Iron Casting
29:26 Devotion
29:58 Conscription
29:45 Tusk Swords
30:51 Plate Barding Armor
32:08 Blast Furnace
32:01 Elite Battle Elephant
34:21 Town Patrol
34:44 Faith
35:56 Crop Rotation
ajanderson120
0:42 Loom
11:48 Feudal Age
18:05 Castle Age
17:24 Stone Mining
17:17 Horse Collar
17:23 Double-Bit Axe
18:26 Gold Mining
19:36 Bow Saw
27:09 Heavy Plow
32:22 Imperial Age
30:00 Scale Mail Armor
30:48 Gold Shaft Mining
30:19 Squires
31:06 Wheelbarrow
31:38 Stone Shaft Mining
30:51 Arson
31:21 Forging
32:03 Hand Cart
31:34 Pikeman
32:30 Chain Mail Armor
33:29 Iron Casting
32:45 Elite Fire Lancer
32:46 Halberdier
34:23 Plate Mail Armor
34:20 Conscription
36:10 Two-Man Saw
noumha
0:26 Loom
12:44 Feudal Age
17:28 Castle Age
17:17 Horse Collar
17:33 Town Watch
33:24 Imperial Age
31:29 Double-Bit Axe
33:50 Scale Mail Armor
34:01 Forging
34:18 Pikeman
34:44 Gambesons
35:47 Iron Casting
35:28 Chain Mail Armor
34:59 Halberdier
hargir
2:16 Loom
11:17 Feudal Age
14:58 Castle Age
16:30 Double-Bit Axe
17:40 Bow Saw
22:29 Horse Collar
29:12 Wheelbarrow
29:48 Scale Mail Armor
31:12 Chain Mail Armor
31:46 Heavy Plow
35:58 Imperial Age
34:48 Padded Archer Armor
34:49 Gold Mining
Notalawyer
0:29 Loom
12:35 Feudal Age
15:10 Double-Bit Axe
15:09 Horse Collar
19:37 Castle Age
19:35 Bloodlines
19:57 Fletching
20:08 Padded Archer Armor
20:51 Scale Mail Armor
TonyMangtana
11:18 Feudal Age
12:19 Double-Bit Axe
15:41 Castle Age
15:02 Horse Collar
16:40 Bow Saw
18:17 Gold Mining
beiza -opsleagues
5:00 Loom
10:51 Feudal Age
14:57 Castle Age
12:58 Double-Bit Axe
22:16 Wheelbarrow
22:55 Bow Saw
25:54 Hand Cart
26:25 Scale Barding Armor
29:17 Imperial Age
27:45 Chain Barding Armor
27:27 Husbandry
27:52 Gold Mining
29:06 Forging
30:26 Iron Casting
30:56 Gold Shaft Mining
29:59 Cavalier
31:44 Plate Barding Armor
32:15 Chemistry
31:19 Town Watch
33:04 Blast Furnace
32:22 Stone Mining
32:57 Paladin
35:59 Murder Holes
36:25 Ballistics
JMB
0:28 Loom
11:36 Feudal Age
12:49 Wheelbarrow
12:13 Double-Bit Axe
19:29 Castle Age
19:10 Town Watch
20:17 Hand Cart
21:45 Stone Mining
24:51 Bow Saw
Connection lost

Rejoining the realm…

Still unreachable

The connection could not be restored.

Session expired

The server has moved on; the page needs a fresh start.